 Dungeon Crawl Stone Soup version 0.28-a0-1128-gb845255321 (webtiles) character file.

Game seed: 2049032655220763855

23208 EnegeticOcto the Nimble (level 12, -2/62 HPs)
             Began as a Spriggan Necromancer on Dec 9, 2021.
             Was a Believer of Fedhas.
             Slain by a manticore (11 damage)
             ... on level 12 of the Dungeon on Dec 12, 2021.
             The game lasted 00:29:56 (17660 turns).

EnegeticOcto the Nimble (Spriggan Necromancer)     Turns: 17660, Time: 00:29:56

Health: -2/62      AC:  9    Str:  6    XL:     12   Next: 69%
Magic:  12/19      EV: 29    Int: 18    God:    Fedhas [**....]
Gold:   50         SH:  0    Dex: 24    Spells: 1/19 levels left

rFire   + . .      SeeInvis +   o - +8 demon blade (elec)
rCold   . . .      Faith    .   (shield restricted)
rNeg    . . .      Spirit   .   H - +0 troll leather armour
rPois   .          Reflect  .   (helmet restricted)
rElec   .          Harm     .   z - +0 cloak {Stlth+}
rCorr   .          Rampage  .   (gloves unavailable)
Will    ++...                   (boots unavailable)
Stlth   ++++......              (no amulet)
HPRegen 1.00/turn               c - ring "Okeb" {rF+ Dex+7}
MPRegen 0.16/turn               E - +4 ring of protection

@: very slightly contaminated, very quick
A: very small, no large weapons, unfitting armour, see invisible, speed 3
a: Renounce Religion, Wall of Briars


You were on level 12 of the Dungeon.
You worshipped Fedhas.
Fedhas was pleased with you.
You visited 3 branches of the dungeon, and saw 14 of its levels.

You collected 734 gold pieces.
You spent 684 gold pieces at shops.

Inventory:

Hand Weapons
 o - a +8 demon blade of electrocution (weapon)
   (You acquired it on level 3 of the Dungeon)
Missiles
 b - 27 poisoned darts (quivered)
 h - 6 atropa-tipped darts
 j - 8 throwing nets {!f}
 n - 6 datura-tipped darts
Armour
 a - a +0 robe
 z - a +0 cloak of stealth (worn)
   (You found it on level 7 of the Dungeon)
 H - a +0 troll leather armour (worn)
   (You found it on level 11 of the Dungeon)
Magical Staves
 A - a staff of death
   (You found it on level 7 of the Dungeon)
Jewellery
 c - the ring "Okeb" (left hand) {rF+ Dex+7}
   (You acquired it on level 3 of the Dungeon)

   [ring of protection from fire]

   Dex:       It affects your dexterity (+7).
   rF:        It protects you from fire.
 E - a +4 ring of protection (right hand)
   (You bought it in a shop on level 7 of the Dungeon)
Wands
 v - a wand of iceblast (4) {@v2}
   (You found it on level 4 of the Dungeon)
 x - a wand of polymorph (22)
   (You found it on level 7 of the Dungeon)
 F - a wand of flame (17) {@v4}
   (You found it on level 1 of the Lair of Beasts)
 I - a wand of acid (3) {@v1}
   (You found it on level 11 of the Dungeon)
Scrolls
 e - a scroll of magic mapping {@r5 !r}
 g - a scroll of holy word
 l - 4 scrolls of torment
 m - 3 scrolls of teleportation {@r3 !r}
 p - 2 scrolls of immolation
 t - 5 scrolls of blinking {@r4}
 w - a scroll of fog {!r}
 y - a scroll of fear {unknown}
 C - a scroll of noise {unknown}
 D - 2 scrolls of enchant armour {unknown}
 G - a scroll of summoning {unknown}
Potions
 d - 4 potions of haste {@q4 !q}
 i - 5 potions of might {@q3 !q}
 k - 4 potions of curing {@q1 !q}
 q - 3 potions of attraction
 r - 5 potions of brilliance
 s - 4 potions of lignification {@q6}
 u - 5 potions of mutation {unknown}
 B - 6 potions of heal wounds {unknown}
 J - a potion of cancellation
 K - a potion of magic {unknown}
Miscellaneous
 f - a phial of floods (inert)
   (You found it on level 7 of the Dungeon)


   Skills:
 - Level 6.5 Fighting
 - Level 10.9 Long Blades
 - Level 13.7 Dodging
 - Level 5.0 Stealth
 - Level 4.0 Spellcasting
 + Level 3.5 Hexes
 - Level 7.0 Necromancy
 + Level 2.3 Fire Magic
 + Level 4.2 Invocations
 - Level 4.0 Evocations


You had one spell level left.
You knew the following spells:

 Your Spells              Type           Power      Damage    Failure   Level
a - Pain                  Necr           100%       1d9       1%          1
b - Vampiric Draining     Necr           28%        2d8       3%          3
c - Animate Skeleton      Necr           56%        N/A       1%          1
d - Corpse Rot            Necr/Air       32%        N/A       9%          2
e - Animate Dead          Necr           14%        N/A       13%         4
f - Dispel Undead         Necr           28%        3d13      13%         4
g - Inner Flame           Hex/Fire       14%        N/A       21%         3

Your spell library contained the following spells:

 Spells                   Type           Power      Damage    Failure   Level
 Foxfire                  Conj/Fire      28%        2x1d5     14%         1
 Dazzling Flash           Conj/Hex       20%        N/A       32%         3
 Agony                    Necr           28%        N/A       34%         5
 Conjure Flame            Conj/Fire      7%         6-21      38%         3
 Stone Arrow              Conj/Erth      6%         3d7       56%         3
 Flame Wave               Conj/Fire      7%         2d4       80%         4
 Death Channel            Necr           14%        N/A       89%         6
 Animate Armour           Summ/Erth      6%         N/A       92%         4
 Silence                  Hex/Air        5%         N/A       97%         5
 Fireball                 Conj/Fire      3%         3d4       98%         5
 Starburst                Conj/Fire      3%         6d3       100%        6
 Ignition                 Fire           6%         3d4       100%        8
 Lehudib's Crystal Spear  Conj/Erth      1%         10d2      100%        8


Dungeon Overview and Level Annotations

Branches:
Dungeon (12/15)            Temple (1/1) D:7            Lair (1/6) D:10
    Orc (0/2) D:12

Altars:
Ashenzari
Cheibriados
Dithmenos
Elyvilon
Fedhas
Gozag
Hepliaklqana
Kikubaaqudgha
Makhleb
Nemelex Xobeh
Okawaru
Qazlal
Ru
Sif Muna
Trog
Uskayaw
Vehumet
Wu Jian
Xom
Zin
The Shining One

Shops:
D:4 :   D:7 =   D:11 ((*[!

Annotations:
D:2 Sigmund
D:8 exclusion: manticore
D:10 1 exclusion, Fannar
D:11 1 exclusion
D:12 1 runed translucent door, exclusion: 2 boulder beetles, fly's ghost, journeyman FoDe


Innate Abilities, Weirdness & Mutations

You are very small and have problems with some larger weapons.
You are too small for most types of armour.
You have supernaturally acute eyesight. (SInv)
You cover ground extremely quickly. (Speed+++)


Message History

HP restored.
Magic restored.
You open the door.
There is an open door here.
There is an open door here.
You see here an ugly thing corpse.
You open the door.
Found 18 arrows.
There is an open door here.
Found an escape hatch in the floor.
K - a fuming purple potion You see here 18 arrows.
You open the door.
Found a stone staircase leading down.
There is an open door here.
You open the door.
Found a flail.
There is an open door here.
You now have 34 gold pieces (gained 13).
Found a stone staircase leading down.
Found 12 stones.
There is an open door here.
You now have 50 gold pieces (gained 16).
Found 12 arrows.
You see here 12 arrows.
You open the door.
A boulder beetle comes into view.
You close the door.
Press: ? - help, . - travel You can't see that place. [the floor.] Placed new exclusion.
You see here 12 arrows.
You open the door.
There is an open door here.
You see here 18 arrows.
There is an open door here.
You open the door.
There is an open door here.
Press: ? - help, v - describe, . - travel
Here: a manticore The floor.
Okay, then.
A briar patch grows up from the ground. x6
Throw: 30 darts (poison)
Press: ? - help, Q - select action, (/) - cycle Shift-Dir - straight line, f - manticore
Aim: a manticore (ally target, 76% to hit)
You throw a poisoned dart. Fedhas protects your plant from harm.
The poisoned dart hits the manticore.
The manticore is poisoned.
Throw: 29 darts (poison)
Press: ? - help, Q - select action, (/) - cycle Shift-Dir - straight line, f/p - manticore
Aim: a manticore (poisoned, ally target, 76% to hit)
You throw a poisoned dart. Fedhas protects your plant from harm.
The poisoned dart hits the manticore.
Throw: 28 darts (poison)
Press: ? - help, Q - select action, (/) - cycle Shift-Dir - straight line, f/p - manticore
Aim: a manticore (poisoned, ally target, 76% to hit)
You throw a poisoned dart. Fedhas protects your plant from harm.
The poisoned dart hits the manticore.
The manticore looks even sicker.
Casting: Vampiric Draining (dangerous; 3% risk of failure)
Confirm with . or Enter, or press ? or * to list all spells.
Aiming: Pain (safe; 1% risk of failure)
Press: ? - help, Shift-Dir - straight line, f/p - manticore
Aim: a manticore (very poisoned, ally target, chance to affect: 71%) Fedhas protects your plant from harm.
The manticore writhes in agony!
Casting: Pain (safe; 1% risk of failure)
Confirm with . or Enter, or press ? or * to list all spells.
Aiming: Pain (safe; 1% risk of failure)
Press: ? - help, Shift-Dir - straight line, f/p - manticore
Aim: a manticore (lightly wounded, very poisoned, ally target, chance to affect: 71%) Fedhas protects your plant from harm.
The manticore writhes in agony.
The manticore bites your briar patch!
The manticore claws your briar patch but does no damage. x2
You walk carefully through the plants.
The manticore completely misses you. The manticore claws you! x2
You slash the manticore!
The manticore is heavily wounded.
You hit the manticore.
Lightning courses through the manticore!
The manticore is almost dead.
The manticore bites you!! The manticore closely misses you.
The manticore completely misses you.
You are too injured to fight recklessly!
Casting: Pain (safe; 1% risk of failure)
Confirm with . or Enter, or press ? or * to list all spells.
Aiming: Vampiric Draining (dangerous; 3% risk of failure)
Press: ? - help, Shift-Dir - straight line, f/p - manticore
Aim: a manticore (almost dead, poisoned, ally target)
You miscast Vampiric Draining.
You are very lightly contaminated with residual magic.
Nothing appears to happen.
The manticore bites you!!
* * * LOW HITPOINT WARNING * * *
The manticore claws you but does no damage.
The manticore claws you!
You die...
Fedhas appreciates your contribution to the ecosystem.

#........'.....#.....##+###....
#........#.....#.....#...>.....
#........#.....#.....#.........
#........#.....#.....#.........
#........#.....#.....#.........
#........#.....#.....#B........
#........#######P....##..##.##.
###..........HP.P.....#..##+##.
#...........@PP.....#........
#...(..(((..........#........
#...(...............#........
#....(..............#........
H................#........
.................#........
.................#........
.................#..##.##.
...##################.##.


You could see a manticore (poisoned, ally target).

Vanquished Creatures
  4 two-headed ogres
  3 death yaks
  Nergalle (Lair:1)
  An ugly thing (D:12)
  A gargoyle (D:7)
  An unseen horror (D:11)
  2 rime drakes (Lair:1)
  4 komodo dragons
  2 trolls (D:11)
  15 yaks
  A wraith (D:10)
  A shadow (D:11)
  A wyvern (D:10)
  3 water moccasins
  3 sky beasts
  6 orc warriors
  An ice beast (D:5)
  4 ogres
  3 necrophages
  5 centaurs
  A phantom (D:6)
  2 kobold brigands
  7 bullfrogs
  4 scorpions
  A gnoll sergeant (D:9)
  A wight (D:7)
  5 howler monkeys
  2 bullfrog zombies
  3 centaur zombies
  9 orc priests
  2 gnoll shamans
  3 jellies
  10 orc wizards
  3 bullfrog skeletons
  3 iguanas
  A hound zombie (D:5)
  A hound skeleton (D:4)
  A howler monkey zombie (D:7)
  16 gnolls
  5 adders
  A white imp (D:7)
  2 worms
  2 dart slugs
  20 orcs
  9 ball pythons
  A bat (D:3)
  5 endoplasms
  3 giant cockroaches
  10 goblins
  8 hobgoblins
  9 jackals
  5 quokkas
  8 frilled lizards
  8 kobolds
  5 rats
238 creatures vanquished.

Vanquished Creatures (others)
  2 fungi (Lair:1)
  4 plants (Lair:1)
6 creatures vanquished.

Grand Total: 244 creatures vanquished

Notes
Turn   | Place    | Note
-------+----------+-------------------------------------------
     0 | D:1      | EnegeticOcto the Spriggan Necromancer began the quest for
                  | the Orb.
     0 | D:1      | Reached XP level 1. HP: 9/9 MP: 5/5
     0 | D:1      | Upgraded the game from 0.28-a0-1074-g3cb2360906 to
                  | 0.28-a0-1128-gb845255321
   409 | D:1      | Reached skill level 3 in Spellcasting
   802 | D:1      | Reached XP level 2. HP: 12/13 MP: 5/7
   838 | D:1      | Reached skill level 4 in Necromancy
  1739 | D:1      | Reached XP level 3. HP: 10/16 MP: 3/8
  1757 | D:1      | Learned a level 3 spell: Vampiric Draining
  1759 | D:1      | Learned a level 1 spell: Animate Skeleton
  2756 | D:2      | Noticed Sigmund
  2966 | D:2      | Reached skill level 5 in Necromancy
  3221 | D:2      | Reached skill level 3 in Dodging
  3221 | D:2      | Reached XP level 4. HP: 16/21 MP: 4/9
  3761 | D:2      | You fall into a shaft and drop 2 floors!
  4138 | D:2      | Reached skill level 4 in Stealth
  4490 | D:3      | Found a faded altar of an unknown god.
  4638 | D:3      | Identified 2 scrolls of acquirement
  4638 | D:3      | Acquired a +6 demon blade of electrocution
  4641 | D:3      | Acquired the ring "Okeb" {rF+ Dex+7}
  5125 | D:3      | Reached XP level 5. HP: 23/24 MP: 8/10
  5392 | D:4      | Found Soanecamop's Book Boutique.
  5398 | D:4      | Reached skill level 4 in Dodging
  5516 | D:4      | Reached skill level 5 in Stealth
  5951 | D:4      | Noticed a necrophage
  5957 | D:4      | Killed a necrophage
  5958 | D:4      | Reached skill level 1 in Fighting
  5958 | D:4      | Reached skill level 4 in Spellcasting
  5958 | D:4      | Reached XP level 6. HP: 26/30 MP: 9/13
  5993 | D:4      | Found a burning altar of Makhleb.
  6023 | D:5      | Entered Level 5 of the Dungeon
  6023 | D:5      | Noticed a water moccasin
  6127 | D:5      | Noticed a sky beast
  6153 | D:5      | Killed a sky beast
  6154 | D:5      | Reached skill level 2 in Fighting
  6489 | D:5      | Noticed a water moccasin
  6494 | D:5      | Killed a water moccasin
  6495 | D:5      | Reached skill level 3 in Fighting
  6495 | D:5      | Reached XP level 7. HP: 34/36 MP: 11/14
  6732 | D:5      | Reached skill level 6 in Necromancy
  6909 | D:5      | Found a radiant altar of Vehumet.
  6942 | D:5      | Reached skill level 4 in Fighting
  7074 | D:5      | Reached skill level 7 in Necromancy
  7074 | D:5      | Reached XP level 8. HP: 38/42 MP: 11/15
  7301 | D:6      | Reached skill level 1 in Long Blades
  7390 | D:6      | Reached skill level 2 in Long Blades
  7665 | D:6      | Reached skill level 5 in Fighting
  7909 | D:6      | Reached skill level 3 in Long Blades
  8071 | D:6      | Learned a level 2 spell: Corpse Rot
  8076 | D:6      | Learned a level 4 spell: Animate Dead
  8081 | D:6      | Learned a level 4 spell: Dispel Undead
  8503 | D:6      | Reached skill level 4 in Long Blades
  8783 | D:7      | Reached XP level 9. HP: 46/48 MP: 16/16
  8787 | D:7      | Reached skill level 6 in Fighting
  9000 | D:7      | Reached skill level 5 in Long Blades
  9077 | D:7      | Found a staircase to the Ecumenical Temple.
  9083 | Temple   | Entered the Ecumenical Temple
  9273 | D:7      | Found a large runed translucent door.
  9274 | D:7      | Found a large runed translucent door.
  9413 | D:7      | Reached skill level 6 in Long Blades
  9551 | D:7      | Found a glowing silver altar of Zin.
  9615 | D:7      | Noticed a gargoyle
  9652 | D:7      | Found a large runed translucent door.
  9652 | D:7      | Found a large runed translucent door.
  9803 | D:7      | Found Vateavax's Jewellery Emporium.
  9952 | D:7      | Reached skill level 7 in Long Blades
 10082 | Temple   | Became a worshipper of Fedhas Madash
 10230 | D:8      | Found an opulent altar of Gozag.
 10262 | D:8      | Reached skill level 8 in Long Blades
 10265 | D:8      | Reached XP level 10. HP: 36/53 MP: 2/17
 10849 | D:8      | Reached * piety under Fedhas
 10896 | D:8      | Found a broken altar of Ashenzari.
 10897 | D:8      | Found a sparkling altar of Nemelex Xobeh.
 10897 | D:8      | Found a hide-covered altar of Uskayaw.
 10915 | D:8      | Found a hazy altar of Hepliaklqana.
 10917 | D:8      | Found a sacrificial altar of Ru.
 10939 | D:8      | Found a glowing golden altar of the Shining One.
 11050 | D:8      | Reached skill level 1 in Evocations
 11349 | D:8      | Noticed a manticore
 11658 | D:9      | Reached skill level 2 in Evocations
 11668 | D:9      | Noticed a two-headed ogre
 11700 | D:9      | Killed a two-headed ogre
 11701 | D:9      | Reached skill level 9 in Long Blades
 11701 | D:9      | Reached skill level 5 in Dodging
 11701 | D:9      | Reached skill level 3 in Evocations
 11943 | D:9      | Noticed a two-headed ogre
 12000 | D:9      | Killed a two-headed ogre
 12001 | D:9      | Reached skill level 6 in Dodging
 12001 | D:9      | Reached skill level 4 in Evocations
 12336 | D:7      | Bought a +4 ring of protection for 468 gold pieces
 12611 | D:10     | Entered Level 10 of the Dungeon
 12623 | D:10     | Noticed a death yak
 12659 | D:10     | Found a staircase to the Lair.
 12670 | D:10     | Identified the +3 ring mail of the Orb {Str+2}
 12772 | D:10     | Reached skill level 7 in Dodging
 12898 | D:10     | Noticed a death yak
 12915 | D:10     | Noticed a death yak
 12936 | D:10     | Killed a death yak
 12937 | D:10     | Reached skill level 8 in Dodging
 13532 | D:9      | Killed a death yak
 13533 | D:9      | Reached skill level 10 in Long Blades
 13533 | D:9      | Reached XP level 11. HP: 36/56 MP: 1/18
 13731 | D:9      | Killed a death yak
 14096 | D:10     | Reached skill level 13 in Dodging
 14096 | D:10     | Reached XP level 12. HP: 61/61 MP: 19/19
 14123 | D:10     | Reached ** piety under Fedhas
 14225 | D:10     | Noticed Fannar
 14509 | D:7      | Reached skill level 1 in Invocations
 14590 | Lair:1   | Entered Level 1 of the Lair of Beasts
 14641 | Lair:1   | Noticed Nergalle
 14842 | Lair:1   | Killed Nergalle
 15062 | Lair:1   | Reached skill level 2 in Invocations
 15147 | Lair:1   | Noticed a four-headed hydra
 15401 | D:10     | Learned a level 3 spell: Inner Flame
 15445 | D:11     | Noticed a two-headed ogre
 15461 | D:11     | Killed a two-headed ogre
 15462 | D:11     | Reached skill level 1 in Hexes
 15462 | D:11     | Reached skill level 3 in Invocations
 15500 | D:11     | Noticed a two-headed ogre
 15522 | D:11     | Killed a two-headed ogre
 15523 | D:11     | Reached skill level 2 in Hexes
 15523 | D:11     | Reached skill level 1 in Fire Magic
 15974 | D:11     | Noticed a boulder beetle
 16011 | D:11     | Reached skill level 3 in Hexes
 16011 | D:11     | Reached skill level 2 in Fire Magic
 16046 | D:11     | Found Bojyduba's Antique Armour Boutique.
 16074 | D:11     | Found Secsetue's General Store.
 16083 | D:11     | Bought a scroll of blinking for 112 gold pieces
 16085 | D:11     | Found Zinurat's Antique Weapon Shoppe.
 16102 | D:11     | Found Roherr's Antique Weapon Shop.
 16159 | D:11     | Found a frozen archway.
 16522 | D:11     | Found Ureng's Distillery.
 16541 | D:11     | Bought a potion of cancellation for 104 gold pieces
 16757 | D:12     | Found a runed translucent door.
 16759 | D:12     | Found a shimmering altar of Xom.
 16759 | D:12     | Noticed fly's ghost (journeyman FoDe)
 16782 | D:12     | Found a staircase to the Orcish Mines.
 16825 | D:12     | Reached skill level 4 in Invocations
 16859 | D:12     | Noticed a boulder beetle
 17564 | D:12     | Noticed a boulder beetle
 17660 | D:12     | Slain by a manticore

Illustrated notes

Levels and vault maps discovered:
D:1:      dpeg_arrival_boxorama, layout_basic
D:2:      minmay_evil_eye, layout_loops_ring, uniq_sigmund
D:3:      layout_loops_corners, basic_ecumenical_altar,
          kennysheep_generic_room_13
D:4:      layout_cave_pools, makhleb_blood_cavern_becter, serial_shops, shop
D:5:      layout_loops_ring, nicolae_vehumet_altar_sigil
D:6:      layout_basic
D:7:      layout_rooms, lemuel_doored_altar, minmay_temple_entry_grid,
          serial_shops, shop, minmay_hollow_rounded_squares
D:8:      layout_rooms, lemuel_mausoleum_altar_yredelemnul,
          grunt_temple_overflow_open, serial_co_window_serial,
          co_window_corner_a, co_window_paths_b, co_window_paths_b,
          co_window_of_opportunity_a, co_window_paths_a, co_window_paths_c,
          co_window_corner_cb, co_window_2corner, co_window_broadway_a,
          co_window_corner_ca, glass_columns_a, glass_columns_a,
          glass_columns_b, glass_columns_c, grunt_decor_one_mirror
D:9:      layout_roguey
D:10:     layout_rooms, dpeg_lair_monsters, grunt_ogre_cave, minivault_15,
          uniq_fannar
D:11:     layout_stronghold, serial_shops, nicolae_shop_trees, shop, shop,
          nicolae_shop_hallway_stairs, nicolae_shop_statue_plus,
          portal_ice_cave_entry_pillars_1, evilmike_butchery
D:12:     layout_gridville, david_orc_3, ebering_ghost_xom, grunt_ministairs_5
Temple:   minmay_temple_curvy_loop
Lair:1:   layout_misc_corridors, uniq_nergalle

Skill      XL: |  1  2  3  4  5  6  7  8  9 10 11 12 |
---------------+-------------------------------------+-----
Spellcasting   | 3 4 |  4.0
Necromancy     | 4 5 7 |  7.0
Dodging        | 3 4 8 13 | 13.7
Stealth        | 4 5 |  5.0
Fighting       | 1 3 4 5 6 |  6.5
Long Blades    | 4 8 10 | 10.9
Evocations     | 4 |  4.0
Invocations    | 4 |  4.2
Hexes          | 3 |  3.5
Fire Magic     | 2 |  2.3

Action                   |  1- 3 |  4- 6 |  7- 9 | 10-12 || total
-------------------------+-------+-------+-------+-------++-------
Melee: Short sword       |     2 |       |       |       ||     2
       Dagger            |       |     5 |       |       ||     5
       Demon blade       |       |     8 |   136 |   239 ||   383
Throw: Dart              |     6 |       |     1 |    36 ||    43
 Cast: Pain              |   101 |    95 |    78 |   111 ||   385
       Vampiric Draining |       |     2 |    31 |    40 ||    73
Invok: Wall of Briars    |       |       |       |     2 ||     2
Evoke: Wand              |       |       |       |     2 ||     2
       Phial of floods   |       |       |       |     1 ||     1
  Use: Scroll            |       |     8 |     8 |     5 ||    21
       Potion            |       |       |       |     1 ||     1
 Stab: Sleeping          |       |       |     8 |     5 ||    13
Armor: Robe              |     1 |       |    10 |     5 ||    16
       Troll leather arm |       |       |       |     1 ||     1
Dodge: Dodged            |     5 |    12 |   121 |   181 ||   319

Table legend: (Time is in decaauts)
 A = Elapsed time spent in this place.
 B = Non-inter-level travel time spent in this place.
 C = Inter-level travel time spent in this place.
 D = Time resting spent in this place.
 E = Time spent auto-exploring this place.
 F = Levels seen in this place.
 G = Mean time per level.
                   A        B        C        D        E       F      G
               +--------+--------+--------+--------+--------+-----+--------+
         Total |  13815 |  13429 |    386 |   2217 |   8998 |  14 |  986.8 |
       Dungeon |  13344 |  13007 |    337 |   2186 |   8774 |  12 | 1112.0 |
        Temple |    150 |    102 |     48 |      0 |     93 |   1 |  150.0 |
          Lair |    321 |    321 |      0 |     30 |    130 |   1 |  321.0 |
               +--------+--------+--------+--------+--------+-----+--------+

Top non-repeatable levels by time:
     D:1: 2112 daAuts
     D:2: 1497 daAuts
    D:10: 1412 daAuts
     D:6: 1255 daAuts
     D:9: 1240 daAuts
     D:8: 1151 daAuts
     D:5: 978 daAuts
     D:7: 902 daAuts
    D:11: 803 daAuts
    D:12: 755 daAuts
     D:3: 626 daAuts
     D:4: 608 daAuts
  Lair:1: 321 daAuts
  Temple: 150 daAuts
